 Dungeon Crawl Stone Soup version 0.23-a0-584-g44dd78f (webtiles) character file.

1074 Leeroy the Charmwright (level 8, -2/63 HPs)
             Began as a Gnoll Skald on Dec 17, 2018.
             Splashed by a brown ugly thing's acid (7 damage)
             ... on level 6 of the Dungeon.
             The game lasted 00:16:06 (3980 turns).

Leeroy the Charmwright (Gnoll Skald)                Turns: 3980, Time: 00:16:07

Health: -2/63      AC:  5    Str: 14    XL:     8   Next: 29%
Magic:  14/16      EV: 13    Int: 16    God:
Gold:   266        SH:  0    Dex: 14    Spells: 7/18 levels left

rFire    . . .     SeeInvis .   a - +0 falchion
rCold    . . .     Gourm    .   (no shield)
rNeg     . . .     Faith    .   e - +0 ring mail
rPois    .         Spirit   .   (helmet restricted)
rElec    +         Reflect  .   (no cloak)
rCorr    .         Harm     .   (no gloves)
MR       .....                  (no boots)
Stlth    ++........             (no amulet)
HPRegen  0.20/turn              m - +4 ring of protection
MPRegen  0.15/turn              (no ring)

@: about to teleport, shrouded, corroded
A: distributed training, fangs 1, horns 2, dopey 1, electricity resistance,
strong nose
a: no special abilities


You were on level 6 of the Dungeon.
You were not hungry.

You visited 1 branch of the dungeon, and saw 6 of its levels.

You collected 266 gold pieces.

Inventory:

Hand Weapons
 a - a +0 falchion (weapon)
 r - a +0 short sword
 s - a +0 dagger
 y - a +0 spear
 E - a +0 blowgun
 F - a +0 short sword
 J - a +0 hunting sling
 O - a +0 hand crossbow
 S - a +0 scythe
Missiles
 h - 148 stones (quivered)
 q - 17 bolts
 w - 16 arrows
 D - 14 poisoned needles
 I - 65 sling bullets
 R - 6 tomahawks
Armour
 b - a +0 leather armour
 e - a +0 ring mail (worn)
 l - a +0 chain mail
Jewellery
 f - an uncursed ring of protection from cold
 m - a +4 ring of protection (left hand)
 H - a cursed ring of teleportation
 L - an uncursed amulet of rage {unknown}
 N - an uncursed amulet of harm
 P - a +6 ring of strength {unknown}
Wands
 T - a wand of acid (13)
Scrolls
 i - 5 scrolls of remove curse
 j - 3 scrolls of enchant armour {unknown}
 o - 2 scrolls of amnesia {unknown}
 t - 4 scrolls of identify
 x - 3 scrolls of teleportation
 C - 2 scrolls of enchant weapon {unknown}
 G - 2 scrolls of immolation {unknown}
 K - a scroll of blinking {unknown}
 M - a scroll of fog {unknown}
Potions
 c - 2 potions of invisibility {unknown}
 g - a potion of magic {unknown}
 k - a potion of curing
 n - 2 potions of lignification
 p - a potion of flight
 u - a potion of brilliance
 v - a potion of mutation
 z - a potion of agility
 A - a potion of degeneration {unknown}
 B - a potion of haste
 Q - a potion of might
Comestibles
 d - 6 rations
 U - 3 chunks of flesh


   Skills:
 + Level 5.5 Fighting
 + Level 3.1 Short Blades
 + Level 5.5 Long Blades
 + Level 3.1 Axes
 + Level 3.1 Maces & Flails
 + Level 3.1 Polearms
 + Level 3.1 Staves
 + Level 3.1 Slings
 + Level 3.1 Bows
 + Level 3.1 Crossbows
 + Level 3.1 Throwing
 + Level 4.0 Armour
 + Level 5.5 Dodging
 + Level 3.1 Stealth
 + Level 3.1 Shields
 + Level 3.1 Unarmed Combat
 + Level 5.9 Spellcasting
 + Level 2.5 Conjurations
 + Level 2.5 Hexes
 + Level 6.0 Charms
 + Level 2.5 Summonings
 + Level 2.5 Necromancy
 + Level 2.5 Translocations
 + Level 2.5 Transmutations
 + Level 2.5 Fire Magic
 + Level 2.5 Ice Magic
 + Level 2.5 Air Magic
 + Level 2.5 Earth Magic
 + Level 2.5 Poison Magic
 + Level 3.4 Invocations
 + Level 3.1 Evocations


You had 7 spell levels left.
You knew the following spells:

 Your Spells              Type           Power        Failure   Level  Hunger
a - Infusion              Chrm           ###.         2%          1    None
b - Song of Slaying       Chrm           ###.....     3%          2    #......
c - Shroud of Golubria    Chrm/Tloc      ###.......   7%          2    #......
d - Regeneration          Chrm/Necr      ###.......   14%         3    ##.....
e - Spectral Weapon       Hex/Chrm       ###.....     14%         3    ##.....

Your spell library contained the following spells:

 Spells                   Type           Power        Failure   Level  Hunger


Dungeon Overview and Level Annotations

Branches:
Dungeon (6/15)
 Temple: D:4-7

Altars:
Gozag
Nemelex Xobeh
Wu Jian


Innate Abilities, Weirdness & Mutations

Your experience applies equally to all skills.
You have very sharp teeth.
Your uncanny sense of smell can sniff out nearby items.
You have a pair of horns on your head.
You are dopey. (Int -2)
You are resistant to electric shocks. (rElec)


Message History

* * * LOW HITPOINT WARNING * * *
Unknown command.
As you read the scroll labeled MET QISAREULA, it crumbles to dust.
You feel strangely unstable.
It was a scroll of teleportation.
The worker ant barely misses you.
You riposte.
Your ring mail prevents you from hitting the worker ant.
The worker ant is moderately wounded.
The brown ugly thing headbutts you.
* * * LOW HITPOINT WARNING * * *
You are splashed with acid!
The acid burns!
* * * LOW HITPOINT WARNING * * *
Unknown command.
Casting: Shroud of Golubria (safe; 7% risk of failure)
Confirm with . or Enter, or press ? or * to list all spells.
Space distorts slightly along a thin shroud covering your body.
Your shroud bends the worker ant's attack away.
The brown ugly thing headbutts you.
* * * LOW HITPOINT WARNING * * *
The acid corrodes you!
You are splashed with acid!
The acid burns!
You die...

....'.....'.#
#####.....#.#
#.....#.#
#######.# #.#
#.# #.#
#.############
#....u@a......
##############
∆


You could see a brown ugly thing and a worker ant.

Vanquished Creatures
  Grinder (D:5)
  Sigmund (D:5)
  An ogre (D:4)
  A scorpion (D:5)
  3 crimson imps (D:5)
  A quasit (D:5)
  3 hounds (D:5)
  A centaur skeleton (D:4)
  3 orc wizards
  An iguana (D:4)
  5 worker ants (D:5)
  4 gnolls (D:3)
  2 adders
  An adder skeleton (D:5)
  A worm (D:2)
  3 dart slugs
  2 leopard geckos
  6 orcs
  5 bats
  5 giant cockroaches
  6 goblins
  7 hobgoblins
  3 kobolds
  2 quokkas
  4 frilled lizards (D:1)
  A jackal skeleton (D:4)
  A quokka skeleton (D:4)
  5 rats
79 creatures vanquished.

Notes
Turn   | Place    | Note
-------+----------+-------------------------------------------
     0 | D:1      | Leeroy the Gnoll Skald began the quest for the Orb.
     0 | D:1      | Reached XP level 1. HP: 20/20 MP: 6/6
   284 | D:1      | Reached XP level 2. HP: 24/26 MP: 7/7
   293 | D:1      | Learned a level 2 spell: Song of Slaying
   296 | D:1      | Learned a level 2 spell: Shroud of Golubria
   836 | D:2      | Reached skill level 5 in Spellcasting
   836 | D:2      | Reached XP level 3. HP: 21/31 MP: 7/9
   844 | D:2      | Learned a level 3 spell: Regeneration
   848 | D:2      | Learned a level 3 spell: Spectral Weapon
  1187 | D:2      | Reached skill level 1 in Invocations
  1406 | D:3      | Reached skill level 1 in Short Blades
  1406 | D:3      | Reached skill level 1 in Axes
  1406 | D:3      | Reached skill level 1 in Maces & Flails
  1406 | D:3      | Reached skill level 1 in Polearms
  1406 | D:3      | Reached skill level 1 in Staves
  1406 | D:3      | Reached skill level 1 in Slings
  1406 | D:3      | Reached skill level 1 in Bows
  1406 | D:3      | Reached skill level 1 in Crossbows
  1406 | D:3      | Reached skill level 1 in Throwing
  1406 | D:3      | Reached skill level 1 in Stealth
  1406 | D:3      | Reached skill level 1 in Shields
  1406 | D:3      | Reached skill level 1 in Unarmed Combat
  1406 | D:3      | Reached skill level 1 in Evocations
  1536 | D:3      | Reached XP level 4. HP: 22/38 MP: 11/11
  1644 | D:3      | Reached skill level 1 in Conjurations
  1644 | D:3      | Reached skill level 1 in Hexes
  1644 | D:3      | Reached skill level 1 in Summonings
  1644 | D:3      | Reached skill level 1 in Necromancy
  1644 | D:3      | Reached skill level 1 in Translocations
  1644 | D:3      | Reached skill level 1 in Transmutations
  1644 | D:3      | Reached skill level 1 in Fire Magic
  1644 | D:3      | Reached skill level 1 in Ice Magic
  1644 | D:3      | Reached skill level 1 in Air Magic
  1644 | D:3      | Reached skill level 1 in Earth Magic
  1644 | D:3      | Reached skill level 1 in Poison Magic
  1713 | D:3      | Reached XP level 5. HP: 24/43 MP: 12/12
  1760 | D:3      | Found an opulent altar of Gozag.
  2154 | D:3      | Found an ornate altar of the Wu Jian Council.
  2407 | D:4      | Noticed an ogre
  2431 | D:4      | Killed an ogre
  2431 | D:4      | Reached XP level 6. HP: 32/50 MP: 4/13
  2456 | D:4      | Found a sparkling altar of Nemelex Xobeh.
  2935 | D:5      | Entered Level 5 of the Dungeon
  2947 | D:5      | Reached skill level 5 in Fighting
  2947 | D:5      | Reached skill level 5 in Long Blades
  2947 | D:5      | Reached skill level 5 in Dodging
  3145 | D:5      | Reached XP level 7. HP: 40/56 MP: 15/15
  3254 | D:5      | Noticed Grinder
  3257 | D:5      | Paralysed by Grinder for 4 turns
  3268 | D:5      | Gained mutation: You are dopey. (Int -2) [potion of
                  | mutation]
  3268 | D:5      | Gained mutation: You have a pair of small horns on your
                  | head. [potion of mutation]
  3268 | D:5      | Gained mutation: You are resistant to electric shocks.
                  | (rElec) [potion of mutation]
  3268 | D:5      | Gained mutation: You have a pair of horns on your head.
                  | [potion of mutation]
  3274 | D:5      | Paralysed by Grinder for 2 turns
  3279 | D:5      | Paralysed by Grinder for 7 turns
  3292 | D:5      | Paralysed by Grinder for 5 turns
  3315 | D:5      | Paralysed by Grinder for 7 turns
  3326 | D:5      | Killed Grinder
  3497 | D:5      | Noticed Sigmund
  3511 | D:5      | Killed Sigmund
  3511 | D:5      | Reached skill level 6 in Charms
  3511 | D:5      | Reached XP level 8. HP: 45/63 MP: 8/16
  3948 | D:6      | Noticed a brown ugly thing
  3980 | D:6      | Splashed by a brown ugly thing's acid

Vault maps used:
D:1:      tarquinn_simple_flora_water_e, corner_web_ring
D:3:      grunt_gozag_breadcrumbs, lemuel_doored_altar
D:4:      nemelex_xobeh_ov_fountains_minmay
D:5:      first_ration, uniq_grinder, uniq_sigmund
D:6:      wad_guarded_room, lemuel_temple_firewalk_a, basic_altar

Skill      XL: |  1  2  3  4  5  6  7  8 |
---------------+-------------------------+-----
Spellcasting   | 5 |  5.9
Invocations    | 1 2 3 |  3.4
Short Blades   | 1 2 3 |  3.1
Axes           | 1 2 3 |  3.1
Maces & Flails | 1 2 3 |  3.1
Polearms       | 1 2 3 |  3.1
Staves         | 1 2 3 |  3.1
Slings         | 1 2 3 |  3.1
Bows           | 1 2 3 |  3.1
Crossbows      | 1 2 3 |  3.1
Throwing       | 1 2 3 |  3.1
Stealth        | 1 2 3 |  3.1
Shields        | 1 2 3 |  3.1
Unarmed Combat | 1 2 3 |  3.1
Evocations     | 1 2 3 |  3.1
Conjurations   | 1 2 |  2.5
Hexes          | 1 2 |  2.5
Summonings     | 1 2 |  2.5
Necromancy     | 1 2 |  2.5
Translocations | 1 2 |  2.5
Transmutations | 1 2 |  2.5
Fire Magic     | 1 2 |  2.5
Ice Magic      | 1 2 |  2.5
Air Magic      | 1 2 |  2.5
Earth Magic    | 1 2 |  2.5
Poison Magic   | 1 2 |  2.5
Armour         | 3 4 |  4.0
Fighting       | 5 |  5.5
Long Blades    | 5 |  5.5
Dodging        | 5 |  5.5
Charms         | 6 |  6.0

Action                   |  1- 3 |  4- 6 |  7- 9 || total
-------------------------+-------+-------+-------++-------
Melee: Falchion          |   139 |   146 |    78 ||   363
       Bite              |    15 |    24 |    10 ||    49
       Headbutt          |       |       |    20 ||    20
       Punch             |       |       |     2 ||     2
 Fire: Blowgun           |       |     6 |       ||     6
       Hunting sling     |       |     3 |       ||     3
       Hand crossbow     |       |       |     3 ||     3
Throw: Stone             |     7 |    10 |    15 ||    32
 Cast: Regeneration      |     2 |     3 |     3 ||     8
       Shroud of Golubri |     1 |     3 |     5 ||     9
       Spectral Weapon   |       |     1 |     2 ||     3
       Infusion          |       |       |     1 ||     1
  Use: Scroll            |     2 |     3 |     2 ||     7
       Potion            |     1 |       |     5 ||     6
 Stab: Sleeping          |       |     1 |       ||     1
  Eat: Chunk             |     2 |     6 |     4 ||    12
Armor: Ring mail         |    71 |    67 |    42 ||   180
       Skin              |     1 |       |       ||     1
Dodge: Dodged            |   108 |   117 |    67 ||   292
       Rpst.: Falchion   |    33 |    38 |    22 ||    93

Table legend:
 A = Non-vault XP
 B = Vault XP
 C = Vault XP percentage of total XP
 D = Non-vault monster count
 E = Vault monster count
 F = Vault count percentage of total count
                 A         B        C        D         E       F
            +---------+---------+-------+---------+---------+-------
      Total |    1069 |     466 |  30.4 |      77 |       2 |   2.5
            +---------+---------+-------+---------+---------+-------
        D:1 |      24 |       0 |   0.0 |      16 |       0 |   0.0
        D:2 |      50 |       0 |   0.0 |      18 |       0 |   0.0
        D:3 |      96 |       0 |   0.0 |      15 |       0 |   0.0
        D:4 |     251 |       0 |   0.0 |      10 |       0 |   0.0
        D:5 |     648 |     466 |  41.8 |      18 |       2 |  10.0
            +---------+---------+-------+---------+---------+-------
